 Dungeon Crawl Stone Soup version 0.30.0-29-ga12c61a403 (webtiles) character file.

Game seed: 4078964059643791497

163 qw the Chopper (level 5, -1/32 HPs)
             Began as a Gargoyle Fighter on June 4, 2023.
             Slain by Menkaure (13 damage)
             ... on level 4 of the Dungeon.
             The game lasted 00:01:26 (2377 turns).

qw the Chopper (Gargoyle Fighter)                   Turns: 2377, Time: 00:01:27

Health: -1/32      AC: 13    Str: 28    XL:     5   Next: 44%
Magic:  5/5        EV:  8    Int:  8    God:
Gold:   154        SH:  4    Dex:  9    Spells: 4/4 levels left

rFire   + + +        Y - +0 war axe (drain)
rCold   + . .        c - +0 buckler
rNeg    + . .        o - +0 chain mail {rF+}
rPois   inf          (no helmet)
rElec   +            h - scarf {rC+ rF+}
rCorr   .            (no gloves)
SInv    .            (no boots)
Will    .....        (no amulet) Stlth
                     j - +6 ring of strength
HPRegen 0.25/turn    a - ring of protection from fire
MPRegen 0.09/turn

%: no passive effects
@: no status effects
A: sickness immunity, AC +4, negative energy resistance 1, electricity
resistance, torment resistance 1, petrification resistance
a: no special abilities


You were on level 4 of the Dungeon.
You visited 1 branch of the dungeon, and saw 4 of its levels.

You collected 154 gold pieces.


Innate Abilities, Weirdness & Mutations

You are immune to sickness and miasma.
Your stone body is resilient. (AC +4)
You are immune to poison.
You resist negative energy. (rN+)
You are resistant to electric shocks. (rElec)
You are resistant to unholy torment.
You are immune to petrification.


   Skills:
 - Level 3.2 Fighting
 - Level 4.9 Axes
 + Level 0.4 Throwing
 - Level 3.2 Armour
 - Level 3.2 Shields


You had 4 spell levels left.
You didn't know any spells.
Your spell library was empty.

Inventory:

Hand Weapons
 f - a +0 flail
 Y - a +0 war axe of draining (weapon)
Missiles
 s - 6 javelins (quivered)
Armour
 c - a +0 buckler (worn)
 h - a scarf of resistance (worn)
 o - a +0 chain mail of fire resistance (worn)
Jewellery
 a - a ring of protection from fire (right hand)
 j - a +6 ring of strength (left hand)
 m - a ring of positive energy
 n - a ring of protection from fire
Scrolls
 g - a scroll of identify
Potions
 d - 2 potions of might
 e - a potion of haste
 i - a potion of lignification {unknown}
 k - a potion of flight {unknown}
 l - a potion of attraction {unknown}
 r - a potion of mutation {unknown}

Dungeon Overview and Level Annotations

Branches:
Dungeon (4/15)
 Temple: D:4-7

Altars:
Uskayaw
Vehumet

Annotations:
D:4 Menkaure


Message History

2327 ||| IDENTIFYING bubbling green potion Done exploring.
(D) Dungeon
Where to? (* - list waypoints, Enter - D:3, ? - help)
What level of the Dungeon? (default 1, ? - help)
There is a stone staircase leading down here.
You climb downwards.
There is a stone staircase leading up here.
Waypoint 3 assigned to D:4.
You open the door.
There is an open door here.
You open the door.
An endoplasm comes into view.
The endoplasm quivers.
You barely miss the endoplasm. The endoplasm barely misses you.
You hit the endoplasm. You drain the endoplasm.
You kill the endoplasm!
There is an open door here.
Menkaure, Prince of Dust comes into view.
Menkaure shouts!
2369 ||| Stepping ~*~*~tactically~*~*~ (hiding).
2370 ||| Stepping ~*~*~tactically~*~*~ (hiding).
You start waiting.
Menkaure is nearby!
You hit Menkaure but do no damage. Menkaure hits you!
You slash Menkaure!
Menkaure is heavily damaged.
Menkaure hits you but does no damage.
You hit Menkaure.
Menkaure is heavily damaged.
Menkaure hits you!
You closely miss Menkaure.
Menkaure is heavily damaged.
Menkaure closely misses you.
You hit Menkaure.
Menkaure is severely damaged.
Menkaure hits you!
You die...

#######
############
#.....#
.M..........
#.....# ........
#.....#
#M..########.....#
#@..##......######
#....#......#
+....'......#
##..##......###
#..#....#....#
#..#....#...##
#..#....#...#
#.##....#...#
###.....#..##


You could see Menkaure.

Vanquished Creatures
  A statue (D:3)
  5 adders
  A white imp (D:3)
  2 worms (D:2)
  2 dart slugs
  8 orcs
  3 ball pythons
  7 endoplasms
  3 giant cockroaches (D:1)
  7 hobgoblins
  4 jackals (D:3)
  4 quokkas
  6 bats
  8 frilled lizards
  4 goblins
  A kobold (D:3)
  5 rats
71 creatures vanquished.

Notes
Turn   | Place    | Note
-------+----------+-------------------------------------------
     0 | D:1      | qw the Gargoyle Fighter began the quest for the Orb.
     0 | D:1      | Reached XP level 1. HP: 14/14 MP: 1/1
     0 | D:1      | 0 ||| qw: Version: 0.2-a-106-g05974ce
     0 | D:1      | 0 ||| qw: Game counter: 1152
     0 | D:1      | 0 ||| qw: Always use a shield: true
     0 | D:1      | 0 ||| qw: God list: Okawaru
     0 | D:1      | 0 ||| qw: Allow faded altars: false
     0 | D:1      | 0 ||| qw: Do Orc after D:15 true
     0 | D:1      | 0 ||| qw: Do second Lair branch before Depths: true
     0 | D:1      | 0 ||| qw: Lair rune preference: random
     0 | D:1      | 0 ||| qw: Plans: Normal, Zot:1-4, Slime:5, God:TSO, Crypt,
                  | Tomb, Abyss, Pan, Hells, Win
     0 | D:1      | 0 ||| PLANNING D:1-11
    57 | D:1      | Reached skill level 2 in Axes
    89 | D:1      | Reached XP level 2. HP: 19/19 MP: 2/2
   750 | D:1      | Reached skill level 3 in Axes
   803 | D:1      | Reached XP level 3. HP: 23/23 MP: 3/3
   955 | D:1      | 955 ||| UPGRADING to scarf of resistance.
   960 | D:1      | 960 ||| UPGRADING to +6 ring of strength.
   961 | D:1      | 961 ||| READING scroll labelled SIUCAK AFOY.
   962 | D:1      | 962 ||| READING 3 scrolls labelled BOD MAMPUNYBI.
   963 | D:1      | 963 ||| READING 2 scrolls of identify.
   963 | D:1      | 963 ||| IDENTIFYING red potion
   964 | D:1      | 964 ||| DROPPING potion of brilliance.
  1031 | D:2      | 1031 ||| Stepping ~*~*~tactically~*~*~ (hiding).
  1269 | D:2      | 1269 ||| DROPPING +0 club.
  1339 | D:2      | Reached XP level 4. HP: 27/28 MP: 4/4
  1352 | D:2      | 1352 ||| DROPPING +0 mace.
  1531 | D:2      | Found a faded altar of an unknown god.
  1559 | D:2      | Reached skill level 4 in Axes
  1615 | D:2      | 1615 ||| READING scroll labelled HOBBIWYANE.
  1616 | D:2      | 1616 ||| READING scroll labelled DEYLATISEO.
  1647 | D:3      | 1647 ||| STAIRDANCE
  1783 | D:3      | Found a radiant altar of Vehumet.
  1783 | D:3      | Noticed a charred statue
  1784 | D:3      | 1784 ||| Stepping ~*~*~tactically~*~*~ (stealth).
  1786 | D:3      | 1786 ||| Stepping ~*~*~tactically~*~*~ (stealth).
  1793 | D:3      | 1793 ||| Stepping ~*~*~tactically~*~*~ (hiding).
  1913 | D:3      | Killed a charred statue
  1914 | D:3      | Reached XP level 5. HP: 22/32 MP: 5/5
  1992 | D:3      | 1992 ||| Stepping ~*~*~tactically~*~*~ (stealth).
  1993 | D:3      | 1993 ||| Stepping ~*~*~tactically~*~*~ (stealth).
  2003 | D:3      | 2003 ||| Stepping ~*~*~tactically~*~*~ (hiding).
  2006 | D:3      | 2006 ||| Stepping ~*~*~tactically~*~*~ (stealth).
  2134 | D:3      | Found a hide-covered altar of Uskayaw.
  2313 | D:3      | 2313 ||| UPGRADING to +0 chain mail of fire resistance.
  2323 | D:3      | 2323 ||| DROPPING +0 scale mail.
  2324 | D:3      | 2324 ||| DROPPING scarf of resistance.
  2325 | D:3      | 2325 ||| UPGRADING to ring of protection from fire.
  2326 | D:3      | 2326 ||| READING scroll labelled AWOCZE HESO.
  2327 | D:3      | 2327 ||| READING 2 scrolls of identify.
  2327 | D:3      | 2327 ||| IDENTIFYING bubbling green potion
  2368 | D:4      | Noticed Menkaure
  2369 | D:4      | 2369 ||| Stepping ~*~*~tactically~*~*~ (hiding).
  2370 | D:4      | 2370 ||| Stepping ~*~*~tactically~*~*~ (hiding).
  2377 | D:4      | Slain by Menkaure

Levels and vault maps discovered:
D:1:      dreamdust_arrival_beginning_and_end, layout_loops_corners,
          minmay_misc_feat_five, minmay_misc_feat_doors, hex_large,
          minmay_heptomino_w4
D:2:      layout_rooms, shapermc_ecumenical_altar_ellora,
          chequers_serial_rivers_micro_c, minmay_small_reverse_x
D:3:      layout_rooms, vehumet_statue, nicolae_uskayaw_suspiria
D:4:      old_forge, layout_gridville, mainiacjoe_overflow_brackets,
          temple_pool_b, uniq_menkaure

Skill      XL: |  1  2  3  4 |
---------------+-------------+-----
Axes           | 2 3 4 |  4.9
Fighting       | |  3.2
Throwing       | |  0.4
Armour         | |  3.2
Shields        | |  3.2

Action                     |  1- 3 |  4- 6 || total
---------------------------+-------+-------++-------
  Melee: War axe           |   138 |   111 ||   249
  Throw: Boomerang         |       |     1 ||     1
    Use: Scroll            |     3 |     4 ||     7
 Armour: Scale mail        |    81 |    45 ||   126
         Chain mail        |       |     1 ||     1
  Dodge: Dodged            |    71 |    54 ||   125
  Block: Buckler           |    23 |     7 ||    30

Table legend:
 A = Non-vault XP
 B = Vault XP
 C = Vault XP percentage of total XP
 D = Non-vault monster count
 E = Vault monster count
 F = Vault count percentage of total count
                 A         B        C        D         E       F
            +---------+---------+-------+---------+---------+-------
      Total |     177 |      56 |  24.0 |      63 |       8 |  11.3
            +---------+---------+-------+---------+---------+-------
        D:1 |      31 |       3 |   8.8 |      18 |       3 |  14.3
        D:2 |      74 |      21 |  22.1 |      22 |       4 |  15.4
        D:3 |      70 |      32 |  31.4 |      22 |       1 |   4.3
        D:4 |       2 |       0 |   0.0 |       1 |       0 |   0.0
            +---------+---------+-------+---------+---------+-------
